 Dungeon Crawl Stone Soup version 0.18-a0-514-ga7d9996 (webtiles) character file.

121 Mindmaker the Sneak (level 4, 0/25 HPs)
             Began as a Spriggan Assassin on Dec 3, 2015.
             Succumbed to an adder's poison
             ... on level 2 of the Dungeon.
             The game lasted 00:05:38 (1271 turns).

Mindmaker the Sneak (Spriggan Assassin)             Turns: 1271, Time: 00:05:38

Health: 0/25       AC:  3    Str:  7      XL:     4   Next: 76%
Magic:  5/5        EV: 22    Int: 17      God:
Gold:   35         SH:  0    Dex: 20 (23) Spells: 0 memorised, 3 levels left

rFire  . . .     SeeInvis +     a - +2 dagger
rCold  . . .     Clarity  .     c - +0 robe
rNeg   . . .     SustAt   .     (shield restricted)
rPois  .         Gourm    .     (helmet restricted)
rElec  .         Spirit   .     d - +0 cloak
rCorr  .         Dismiss  .     (gloves unavailable)
rMut   .         Stasis   .     (boots unavailable)
MR     .....                    (no amulet)
Stlth  +++++.....               (no ring)
                                (no ring)

@: brilliant, agile, lethally poisoned (0 -> -4), flying, very quick, not
resistant to hostile enchantments, quite stealthy
A: unfitting armour, see invisible, herbivore 3, speed 3, slow metabolism 2
a: no special abilities


You were on level 2 of the Dungeon.
You were not hungry.

You visited 1 branch of the dungeon, and saw 2 of its levels.

You collected 35 gold pieces.

Inventory:

Hand Weapons
 a - a +2 dagger (weapon)
 b - a +0 blowgun
Missiles
 e - 8 poisoned needles
 f - a curare-tipped needle
Armour
 c - a +0 robe (worn)
 d - a +0 cloak (worn)
Scrolls
 i - a scroll of fog {unknown}
 l - a scroll of remove curse {unknown}
 m - a scroll of random uselessness {unknown}
 p - a scroll of amnesia {unknown}
Comestibles
 g - a bread ration
 k - 2 fruits


   Skills:
 + Level 4.0 Fighting
 - Level 2.1 Short Blades
 - Level 2.0 Throwing
 - Level 2.0 Dodging
 - Level 6.0 Stealth


You had 3 spell levels left.
You didn't know any spells.

Dungeon Overview and Level Annotations

Branches:
Dungeon (2/15)

Altars:

Annotations:
D:2 Sigmund


Innate Abilities, Weirdness & Mutations

You are tiny and cannot use many weapons and most armour.
You have supernaturally acute eyesight.
You are a herbivore.
You cover ground extremely quickly.
You need consume almost no food.


Message History

You feel sick.
There isn't anything here!
You close the door.
Drink which item? (? for menu, Esc to quit)
It was a potion of degeneration.
There was something very wrong with that liquid.
You feel clumsy.
* * * LOW HITPOINT WARNING * * *
You feel sick.
Drink which item? (? for menu, Esc to quit)
It was a potion of brilliance.
You feel clever all of a sudden.
Drink which item? (? for menu, Esc to quit)
It was a potion of agility.
You feel agile all of a sudden.
Drink which item? (? for menu, Esc to quit)
It was a potion of flight.
You feel very buoyant.
You fly up into the air.
You die...

#####..####.#...#
##.## #.....# #..#
#.#.####
##.###.#.....
#####..##.######
####### #.........#
#
#..<@.###.####.##.#
# ###.#.#.#...#
#..#.# #
#..?.S#.#@### ##.#.
# ..#+#...#.#+####
.# ######
....r...#......# ..
#...#
......).#..[...#
...#.#.##
...@....#......#
.S#.#...
#....b.##......#
#..... #......
#......# ######
..(.... #......#
##l.... ########


There were no monsters in sight!

Vanquished Creatures
  Jessica (D:2)
  Natasha (D:2)
  5 adders (D:2)
  A ball python (D:1)
  A giant cockroach (D:1)
  2 hobgoblins (D:1)
  3 jackals (D:1)
  5 bats (D:1)
  3 giant newts (D:1)
  A goblin (D:2)
  3 kobolds
  2 rats
28 creatures vanquished.

Notes
Turn   | Place    | Note
--------------------------------------------------------------
     0 | D:1      | Mindmaker the Spriggan Assassin began the quest for the Orb.
     0 | D:1      | Reached XP level 1. HP: 10/10 MP: 2/2
   211 | D:1      | Reached skill level 6 in Stealth
   281 | D:1      | Reached XP level 2. HP: 15/15 MP: 3/3
   824 | D:2      | Noticed Jessica
   826 | D:2      | Killed Jessica
   826 | D:2      | Reached XP level 3. HP: 17/19 MP: 4/4
   848 | D:2      | Noticed Natasha
   861 | D:2      | Killed Natasha
   861 | D:2      | Reached XP level 4. HP: 3/24 MP: 5/5
  1234 | D:2      | Noticed Sigmund
  1266 | D:2      | HP: 1/25 [poisoned by an adder]
  1271 | D:2      | Succumbed to an adder's poison

Vault maps used:
D:1:      tarquinn_simple_flora_water_d
D:2:      uniq_sigmund, uniq_natasha, uniq_jessica

Action                   |  1- 3 |  4- 6 || total
-------------------------+-------+-------++-------
Melee: Dagger            |    57 |    21 ||    78
 Fire: Blowgun           |     7 |     2 ||     9
  Use: Potion            |       |     4 ||     4
 Stab: Sleeping          |     8 |     4 ||    12
       Distracted        |     1 |       ||     1
